 Dungeon Crawl Stone Soup version 0.26-a0-852-g6321bf7485 (webtiles) character file.

Game seed: 1267059580600078975

5418 dickylongcocking the Severer (level 10, -3/86 HPs)
             Began as a Minotaur Fighter on Nov 21, 2020.
             Was a Priest of Wu Jian.
             Slain by a two-headed ogre
             ... wielding a +0 giant club
              (22 damage)
             ... on level 10 of the Dungeon.
             The game lasted 00:07:02 (10469 turns).

dickylongcocking the Severer (Minotaur Fighter)    Turns: 10469, Time: 00:07:02

Health: -3/86      AC:  8    Str: 22    XL:     10   Next: 40%
Magic:  9/9        EV:  9    Int: 11    God:    Wu Jian [***...]
Gold:   446        SH:  0    Dex: 12    Spells: 9/9 levels left

rFire    . . .     SeeInvis .   M - +3 battleaxe
rCold    . . .     Faith    .   (shield currently unavailable)
rNeg     . . .     Spirit   .   b - +0 scale mail
rPois    +         Reflect  .   (helmet restricted)
rElec    .         Harm     .   j - scarf {shadows}
rCorr    .         Rampage  .   F - +0 pair of gloves
MR       .....                  (no boots)
Stlth    ..........             (no amulet)
HPRegen  0.24/turn              y - +6 ring of intelligence
MPRegen  0.11/turn              k - ring of poison resistance

@: no status effects
A: retaliatory headbutt, horns 2
a: Wall Jump, Serpent's Lash, Renounce Religion


You were on level 10 of the Dungeon.
You worshipped Wu Jian.
Wu Jian was most pleased with you.
You visited 1 branch of the dungeon, and saw 10 of its levels.

You collected 446 gold pieces.

Inventory:

Hand Weapons
 a - a +0 war axe
 t - a +1 flail of venom
 I - a +1 vampiric hand axe
 M - a +3 battleaxe (weapon)
 N - a +0 shortbow
Missiles
 e - 7 boomerangs (quivered)
 O - 173 arrows
 Q - 23 bolts
Armour
 b - a +0 scale mail (worn)
 c - a +0 kite shield
 j - a scarf of shadows (worn)
 w - a +0 cloak
 B - a +0 buckler
 F - a +0 pair of gloves (worn)
Jewellery
 k - a ring of poison resistance (right hand)
 y - a +6 ring of intelligence (left hand)
 C - an uncursed amulet of inaccuracy
 G - a +6 ring of intelligence
Wands
 u - a wand of polymorph (6)
 D - a wand of disintegration (12)
 K - a wand of digging (3)
 P - a wand of paralysis (8)
Scrolls
 g - 5 scrolls of magic mapping {unknown}
 h - 3 scrolls of random uselessness {unknown}
 i - 2 scrolls of remove curse
 l - 2 scrolls of fog
 o - a scroll of fear
 p - 2 scrolls of blinking
 s - a scroll of enchant weapon {unknown}
 z - 4 scrolls of teleportation
 H - 2 scrolls of amnesia {unknown}
 J - a scroll of immolation {unknown}
 L - a scroll of enchant armour {unknown}
Potions
 d - 2 potions of might
 f - 3 potions of curing {unknown}
 m - 2 potions of lignification {unknown}
 n - a potion of mutation {unknown}
 q - 4 potions of flight {unknown}
 r - 2 potions of degeneration {unknown}
 v - 2 potions of ambrosia {unknown}
 x - a potion of heal wounds {unknown}
 A - a potion of magic {unknown}
 E - a potion of berserk rage {unknown}


   Skills:
 * Level 7.2 Fighting
 + Level 16.0 Axes
 * Level 4.6 Armour
 - Level 4.4 Shields


You had 9 spell levels left.
You didn't know any spells.
Your spell library contained the following spells:

 Spells                   Type           Power        Failure   Level
 Corona                   Hex            #......      65%         1
 Ensorcelled Hibernation  Hex/Ice        #.....       80%         2
 Confusing Touch          Hex            #.......     95%         3
 Dazzling Flash           Conj/Hex       #.....       95%         3
 Tukima's Dance           Hex            #.......     95%         3
 Summon Demon             Summ           #.........   100%        5
 Summon Forest            Summ/Tloc      #.........   100%        5
 Summon Mana Viper        Hex/Summ       #.......     100%        5
 Shadow Creatures         Summ           N/A          100%        6
 Summon Hydra             Summ           #.........   100%        7


Dungeon Overview and Level Annotations

Branches:
Dungeon (10/15)            Temple (0/1) D:6
   Lair: D:8-11         Orc: D:9-12

Altars:
Makhleb
Nemelex Xobeh
Okawaru
Qazlal
Ru
Vehumet
Wu Jian
Xom
Yredelemnul
The Shining One

Shops:
D:4 }   D:6 =


Innate Abilities, Weirdness & Mutations

You reflexively headbutt those who attack you in melee.
You have a pair of horns on your head.


Message History

You hit the two-headed ogre.
The two-headed ogre is moderately wounded.
The two-headed ogre hits you with a +0 giant club!!
The two-headed ogre hits you with a +0 giant club!
Unknown command.
You slice the two-headed ogre!!
You headbutt the two-headed ogre, but do no damage.
The two-headed ogre is severely wounded.
Unknown command.
You slash the two-headed ogre!
You headbutt the two-headed ogre, but do no damage.
The two-headed ogre is almost dead.
The two-headed ogre hits you with a +0 giant club!
The two-headed ogre hits you with a +0 giant club!!
* * * LOW HITPOINT WARNING * * *
Unknown command.
You barely miss the two-headed ogre.
The two-headed ogre is almost dead.
The two-headed ogre hits you with a +0 giant club!!
You die...

#####+###
#.......#
#.......#
+..)O...#
#..@....+
#......<#
#..<....#
#.......#
##+######


You could see a two-headed ogre.

Vanquished Creatures
  Erolcha (D:9)
  Harold (D:7)
  A two-headed ogre (D:10)
  Prince Ribbit (D:9)
  A water moccasin (D:7)
  4 ice beasts
  2 sky beasts
  A black bear (D:8)
  A phantom (D:8)
  3 ogres
  7 centaurs
  2 big kobolds (D:7)
  3 bullfrogs
  3 scorpions
  5 wights (D:9)
  2 jellies
  A quasit (D:9)
  A hound (D:5)
  5 orc wizards
  Crazy Yiuf (D:3)
  2 centaur skeletons
  2 orc priests
  2 iguanas
  Natasha (thrice) (D:3)
  4 worker ants
  10 adders
  A shadow imp (D:5)
  A white imp (D:6)
  4 ufetubi
  7 adder skeletons
  4 worms
  A dart slug (D:2)
  5 leopard geckos
  13 orcs
  9 bats
  5 giant cockroaches
  10 goblins
  9 hobgoblins
  8 jackals
  2 quokkas
  4 frilled lizards
  3 jackal skeletons
  9 kobolds
  A leopard gecko skeleton (D:5)
  2 quokka skeletons
  7 rats
174 creatures vanquished.

Vanquished Creatures (others)
  An orc priest (D:5)
  An orc wizard (D:5)
  2 orcs (D:5)
  A goblin (D:3)
5 creatures vanquished.

Grand Total: 179 creatures vanquished

Notes
Turn   | Place    | Note
-------+----------+-------------------------------------------
     0 | D:1      | dickylongcocking the Minotaur Fighter began the quest for
                  | the Orb.
     0 | D:1      | Reached XP level 1. HP: 19/19 MP: 0/0
    48 | D:2      | Reached skill level 3 in Axes
    65 | D:2      | Reached XP level 2. HP: 20/26 MP: 1/1
    75 | D:2      | Reached skill level 4 in Axes
    84 | D:2      | Found an ornate altar of the Wu Jian Council.
    84 | D:2      | Found a sacrificial altar of Ru.
   194 | D:2      | Became a worshipper of the Wu Jian Council
   348 | D:1      | Reached XP level 3. HP: 31/31 MP: 2/2
  1072 | D:2      | Reached * piety under Wu Jian
  1109 | D:2      | Reached skill level 5 in Axes
  1392 | D:3      | Found an iron altar of Okawaru.
  1397 | D:3      | Reached XP level 4. HP: 34/39 MP: 3/3
  1745 | D:3      | Found a runed translucent door.
  1746 | D:3      | Noticed Crazy Yiuf
  1835 | D:3      | Noticed Natasha
  1841 | D:3      | Found a radiant altar of Vehumet.
  2146 | D:3      | Killed Natasha
  2147 | D:3      | Reached skill level 6 in Axes
  2346 | D:3      | Noticed Natasha
  2347 | D:3      | Reached XP level 5. HP: 45/45 MP: 4/4
  2545 | D:3      | Found a faded altar of an unknown god.
  2549 | D:3      | Found a sparkling altar of Nemelex Xobeh.
  2551 | D:3      | Found a burning altar of Makhleb.
  2568 | D:3      | Found a basalt altar of Yredelemnul.
  2753 | D:3      | Found a stormy altar of Qazlal.
  2872 | D:3      | Killed Natasha
  2873 | D:3      | Reached skill level 7 in Axes
  2996 | D:3      | Killed Crazy Yiuf
  3027 | D:3      | Noticed Natasha
  3035 | D:3      | Killed Natasha
  3142 | D:4      | Noticed an ogre
  3147 | D:4      | Killed an ogre
  3148 | D:4      | Reached skill level 8 in Axes
  3148 | D:4      | Reached XP level 6. HP: 41/51 MP: 5/5
  3339 | D:4      | Reached ** piety under Wu Jian
  3340 | D:4      | Reached skill level 9 in Axes
  3392 | D:4      | Reached XP level 7. HP: 56/57 MP: 6/6
  3445 | D:4      | Found Diphunea's Gadget Emporium.
  3485 | D:4      | Found a glowing golden altar of the Shining One.
  3745 | D:4      | Found a glowing golden altar of the Shining One.
  3763 | D:5      | Entered Level 5 of the Dungeon
  4062 | D:5      | Reached skill level 10 in Axes
  4401 | D:5      | Found a glowing drain.
  4425 | D:5      | Reached skill level 11 in Axes
  4737 | D:5      | Reached XP level 8. HP: 64/64 MP: 7/7
  4776 | D:5      | Found a shimmering altar of Xom.
  5200 | D:6      | Found Numepama's Jewellery Boutique.
  5416 | D:6      | Found a staircase to the Ecumenical Temple.
  5795 | D:6      | Reached *** piety under Wu Jian
  5796 | D:6      | Reached skill level 12 in Axes
  6179 | D:7      | Noticed Harold
  6192 | D:7      | HP: 2/64 [Harold/+0 flail (14)]
  6194 | D:7      | Killed Harold
  6195 | D:7      | Reached skill level 14 in Axes
  6195 | D:7      | Reached XP level 9. HP: 2/70 MP: 8/8
  7681 | D:8      | Reached skill level 15 in Axes
  8567 | D:9      | Found an iron altar of Okawaru.
  8835 | D:9      | Noticed Erolcha
  8844 | D:9      | Killed Erolcha
  8845 | D:9      | Reached skill level 5 in Fighting
  8845 | D:9      | Reached XP level 10. HP: 39/83 MP: 9/9
 10133 | D:9      | Noticed Prince Ribbit
 10144 | D:9      | Killed Prince Ribbit
 10145 | D:9      | Reached skill level 16 in Axes
 10461 | D:10     | Entered Level 10 of the Dungeon
 10461 | D:10     | Noticed a two-headed ogre
 10461 | D:10     | Noticed a two-headed ogre
 10465 | D:10     | Killed a two-headed ogre
 10469 | D:10     | Slain by a two-headed ogre

Illustrated notes

Levels and vault maps discovered:
D:1:      tarquinn_simple_flora_water_a, layout_loops_ring
D:2:      layout_rooms, minitemple
D:3:      layout_basic, chequers_temple_overflow_minitemple,
          overflow_temple_1_default, fiery_altar_vehumet, uniq_natasha,
          uniq_crazy_yiuf_cottage
D:4:      layout_loops_ring, kennysheep_mini, serial_shops, shop,
          grunt_ministairs_1, tso_altar
D:5:      layout_basic, xom_confusion_cloud, portal_sewer_entry_a
D:6:      layout_basic, minmay_temple_entry_slanted, serial_shops, shop
D:7:      minmay_spotlight, layout_loops_ring, uniq_harold
D:8:      layout_basic
D:9:      layout_long_grid, okawaru_metal_pillars_1_2, uniq_erolcha,
          uniq_prince_ribbit1
D:10:     layout_roguey, orc_0_dummy

Skill      XL: |  1  2  3  4  5  6  7  8  9 10 |
---------------+-------------------------------+-----
Axes           | 3 4 5 6 8 9 11 14 15 16 | 16.0
Fighting       | 5 7 |  7.2
Shields        | 4 |  4.4
Armour         | 4 |  4.6

Action                   |  1- 3 |  4- 6 |  7- 9 | 10-12 || total
-------------------------+-------+-------+-------+-------++-------
Melee: War axe           |    95 |    64 |    25 |       ||   184
       Headbutt          |    12 |    23 |    54 |     6 ||    95
       Unarmed           |       |     3 |       |       ||     3
       Flail             |       |    52 |   227 |       ||   279
       Hand axe          |       |       |    18 |       ||    18
       Battleaxe         |       |       |    14 |    22 ||    36
Invok: Lunge             |     9 |    12 |    19 |     1 ||    41
       Whirlwind         |     3 |     1 |     7 |       ||    11
       Serpent's Lash    |       |       |     1 |       ||     1
  Use: Scroll            |       |       |     6 |       ||     6
       Potion            |       |       |     1 |       ||     1
Armor: Scale mail        |    37 |    19 |    79 |     4 ||   139
Dodge: Dodged            |    21 |    31 |    71 |     6 ||   129
Block: Kite shield       |    43 |    42 |    50 |       ||   135
       Buckler           |       |       |    36 |       ||    36

Table legend: (Time is in decaauts)
 A = Elapsed time spent in this place.
 B = Non-inter-level travel time spent in this place.
 C = Inter-level travel time spent in this place.
 D = Time resting spent in this place.
 E = Time spent auto-exploring this place.
 F = Levels seen in this place.
 G = Mean time per level.
                   A        B        C        D        E       F      G
               +--------+--------+--------+--------+--------+-----+--------+
         Total |  10525 |   9577 |    948 |   1284 |   7085 |  10 | 1052.5 |
       Dungeon |  10525 |   9577 |    948 |   1284 |   7085 |  10 | 1052.5 |
               +--------+--------+--------+--------+--------+-----+--------+

Top non-repeatable levels by time:
     D:5: 1599 daAuts
     D:3: 1485 daAuts
     D:7: 1413 daAuts
     D:6: 1329 daAuts
     D:8: 1162 daAuts
     D:9: 1098 daAuts
     D:2: 1090 daAuts
     D:4: 696 daAuts
     D:1: 643 daAuts
    D:10: 7 daAuts
